 Dungeon Crawl Stone Soup version 0.22.1-2-g9c5b331 (webtiles) character file.

1042 manyhoops the Fighter (level 8, 0/71 HPs)
             Began as a Gnoll Wanderer on Dec 23, 2018.
             Was an Initiate of Makhleb.
             Succumbed to a hornet's poison
             ... on level 6 of the Dungeon.
             The game lasted 00:08:22 (5609 turns).

manyhoops the Fighter (Gnoll Wanderer)              Turns: 5609, Time: 00:08:23

Health: 0/71       AC:  6    Str: 22    XL:     8   Next: 25%
Magic:  12/12      EV: 14    Int: 14    God:    Makhleb [......]
Gold:   179        SH:  0    Dex: 17    Spells: 12/13 levels left

rFire    . . .     SeeInvis .   A - +0 long sword
rCold    . . .     Gourm    .   (no shield)
rNeg     + . .     Faith    .   C - +0 scale mail {MR+}
rPois    .         Spirit   .   (no helmet)
rElec    .         Reflect  .   (no cloak)
rCorr    .         Harm     .   (no gloves)
MR       +....                  (no boots)
Stlth    +.........             (no amulet)
HPRegen  0.21/turn              q - ring of positive energy
MPRegen  0.13/turn              x - +2 ring of dexterity

@: mighty, lethally poisoned (0 -> -11), slowed, very slow
A: distributed training, fangs 1, strong nose
a: Renounce Religion


You were on level 6 of the Dungeon.
You worshipped Makhleb.
Makhleb was noncommittal.
You were very hungry.

You visited 2 branches of the dungeon, and saw 7 of its levels.

You collected 179 gold pieces.

Inventory:

Hand Weapons
 b - a +0 blowgun
 A - a +0 long sword (weapon)
Missiles
 z - a curare-tipped needle
Armour
 C - a +0 scale mail of magic resistance (worn)
Jewellery
 q - a ring of positive energy (left hand)
 t - an uncursed ring of positive energy
 x - a +2 ring of dexterity (right hand)
Wands
 c - a wand of digging (17)
Scrolls
 g - a scroll of amnesia
 h - a scroll of identify
 i - a scroll of blinking
 m - 4 scrolls of remove curse
 n - a scroll of enchant armour
 p - a scroll of teleportation {unknown}
 s - a scroll of magic mapping
 v - a scroll of enchant weapon {unknown}
 D - a scroll of fog {unknown}
Potions
 a - a potion of flight {unknown}
 e - a potion of brilliance {unknown}
 j - a potion of magic
 k - a potion of resistance {unknown}
 o - a potion of cancellation {unknown}
 r - a potion of degeneration {unknown}
 u - a potion of haste {unknown}
 B - a potion of invisibility {unknown}
Comestibles
 f - 6 rations


   Skills:
 + Level 9.1 Fighting
 + Level 3.0 Short Blades
 + Level 4.0 Long Blades
 + Level 3.0 Axes
 + Level 3.0 Maces & Flails
 + Level 3.0 Polearms
 + Level 3.0 Staves
 + Level 3.0 Slings
 + Level 3.0 Bows
 + Level 3.0 Crossbows
 + Level 4.0 Throwing
 + Level 3.0 Armour
 + Level 7.2 Dodging
 + Level 3.0 Stealth
 + Level 4.0 Shields
 + Level 3.0 Unarmed Combat
 + Level 3.0 Spellcasting
 + Level 2.4 Conjurations
 + Level 2.4 Hexes
 + Level 2.4 Charms
 + Level 2.4 Summonings
 + Level 2.4 Necromancy
 + Level 2.4 Translocations
 + Level 2.4 Transmutations
 + Level 2.4 Fire Magic
 + Level 2.4 Ice Magic
 + Level 2.4 Air Magic
 + Level 2.4 Earth Magic
 + Level 2.4 Poison Magic
 + Level 3.3 Invocations
 + Level 3.0 Evocations


You had 12 spell levels left.
You knew the following spells:

 Your Spells              Type           Power        Failure   Level  Hunger
a - Magic Dart            Conj           #...         21%         1    #......

Your spell library contained the following spells:

 Spells                   Type           Power        Failure   Level  Hunger
 Searing Ray              Conj           #.....       30%         2    ##.....
 Dazzling Spray           Conj/Hex       #.....       52%         3    ###....
 Force Lance              Conj/Tloc      #.......     90%         4    #####..
 Fulminant Prism          Conj/Hex       #.........   90%         4    #####..
 Iskenderun's Mystic Bla  Conj           #.......     90%         4    #####..


Dungeon Overview and Level Annotations

Branches:
Dungeon (6/15)             Temple (1/1) D:6

Altars:
Ashenzari
Elyvilon
Gozag
Makhleb
Nemelex Xobeh
Sif Muna
Trog
Xom

Annotations:
D:5 Grinder, Prince Ribbit


Innate Abilities, Weirdness & Mutations

Your experience applies equally to all skills.
You have very sharp teeth.
Your uncanny sense of smell can sniff out nearby items.


Message History

Aim: a hornet You throw a throwing net.
The throwing net hits the hornet.
The hornet is caught in the net!
The hornet struggles against the net. x2
You hit the hornet. You bite the hornet, but do no damage.
The hornet is lightly wounded.
You feel sick.
The hornet struggles against the net. x3
The net rips apart, and the hornet comes free!
You hit the hornet.
The hornet is lightly wounded.
You feel sick. The hornet completely misses you.
You riposte.
You miss the hornet. You bite the hornet.
The hornet is lightly wounded.
The hornet barely misses you. The hornet stings you!
* * * LOW HITPOINT WARNING * * *
You are more poisoned.
You feel as though you will be slow longer.
Okay, then.
It was a potion of might.
You feel very mighty all of a sudden.
You die...

....## ....(##
....... ##.....∆
##....# ###....#
##......#
#...y.### #..@###
#_..# #..##
######### ##.#
#........ #.#
##........ #.#
#...###### #.##
#...## ##..#
#...>####
#...####.......###


You could see a hornet.

Vanquished Creatures
  A sky beast (Temple)
  2 ogres
  A phantom (D:4)
  A bullfrog zombie (D:6)
  A jelly (D:6)
  A centaur skeleton (D:4)
  2 hounds
  A bullfrog skeleton (D:6)
  An iguana (D:4)
  3 orc wizards
  5 worker ants
  A howler monkey skeleton (D:4)
  8 gnolls
  11 adders
  A shadow imp (D:6)
  An adder skeleton (D:4)
  2 worms
  3 dart slugs
  3 leopard geckos
  7 orcs
  6 giant cockroaches
  A goblin (D:2)
  10 hobgoblins
  11 jackals
  A ball python (D:4)
  6 bats
  6 frilled lizards
  8 kobolds
  2 leopard gecko skeletons (D:4)
  6 rats
113 creatures vanquished.

Notes
Turn   | Place    | Note
-------+----------+-------------------------------------------
     0 | D:1      | manyhoops the Gnoll Wanderer began the quest for the Orb.
     0 | D:1      | manyhoops set off with: a +0 leather armour, 3 throwing
                  | nets, a potion of lignification, a +0 falchion, a ration
     0 | D:1      | Reached XP level 1. HP: 26/26 MP: 1/1
    75 | D:1      | Reached XP level 2. HP: 33/33 MP: 2/2
   561 | D:1      | Reached XP level 3. HP: 38/38 MP: 3/3
  1105 | D:2      | Reached skill level 1 in Invocations
  1304 | D:2      | Reached skill level 1 in Short Blades
  1304 | D:2      | Reached skill level 1 in Axes
  1304 | D:2      | Reached skill level 1 in Maces & Flails
  1304 | D:2      | Reached skill level 1 in Polearms
  1304 | D:2      | Reached skill level 1 in Staves
  1304 | D:2      | Reached skill level 1 in Slings
  1304 | D:2      | Reached skill level 1 in Bows
  1304 | D:2      | Reached skill level 1 in Crossbows
  1304 | D:2      | Reached skill level 1 in Armour
  1304 | D:2      | Reached skill level 1 in Stealth
  1304 | D:2      | Reached skill level 1 in Unarmed Combat
  1304 | D:2      | Reached skill level 1 in Spellcasting
  1304 | D:2      | Reached skill level 1 in Evocations
  1377 | D:2      | Reached XP level 4. HP: 30/45 MP: 5/5
  1540 | D:2      | Found a shimmering altar of Xom.
  1575 | D:2      | Reached skill level 1 in Conjurations
  1575 | D:2      | Reached skill level 1 in Hexes
  1575 | D:2      | Reached skill level 1 in Charms
  1575 | D:2      | Reached skill level 1 in Summonings
  1575 | D:2      | Reached skill level 1 in Necromancy
  1575 | D:2      | Reached skill level 1 in Translocations
  1575 | D:2      | Reached skill level 1 in Transmutations
  1575 | D:2      | Reached skill level 1 in Fire Magic
  1575 | D:2      | Reached skill level 1 in Ice Magic
  1575 | D:2      | Reached skill level 1 in Air Magic
  1575 | D:2      | Reached skill level 1 in Earth Magic
  1575 | D:2      | Reached skill level 1 in Poison Magic
  2253 | D:3      | Reached XP level 5. HP: 44/51 MP: 5/7
  2327 | D:3      | Learned a level 1 spell: Magic Dart
  3233 | D:4      | Reached XP level 6. HP: 43/57 MP: 8/8
  3585 | D:4      | Noticed a phantom
  3610 | D:4      | Killed a phantom
  3610 | D:4      | Reached XP level 7. HP: 46/63 MP: 10/10
  4360 | D:5      | Entered Level 5 of the Dungeon
  4449 | D:5      | Reached skill level 9 in Fighting
  4479 | D:5      | Noticed Grinder
  4499 | D:5      | Paralysed by Grinder for 3 turns
  4858 | D:6      | Reached XP level 8. HP: 71/71 MP: 12/12
  4862 | D:6      | Noticed Prince Ribbit
  5231 | D:6      | Found a staircase to the Ecumenical Temple.
  5271 | Temple   | Entered the Ecumenical Temple
  5530 | Temple   | Became a worshipper of Makhleb the Destroyer
  5586 | D:6      | Found a bloodstained altar of Trog.
  5593 | D:6      | Noticed a hornet
  5608 | D:6      | HP: 1/71 [hornet (14)]
  5609 | D:6      | Succumbed to a hornet's poison

Skill      XL: |  1  2  3  4  5  6  7  8 |
---------------+-------------------------+-----
Invocations    | 1 2 3 |  3.3
Short Blades   | 1 2 3 |  3.0
Axes           | 1 2 3 |  3.0
Maces & Flails | 1 2 3 |  3.0
Polearms       | 1 2 3 |  3.0
Staves         | 1 2 3 |  3.0
Slings         | 1 2 3 |  3.0
Bows           | 1 2 3 |  3.0
Crossbows      | 1 2 3 |  3.0
Armour         | 1 2 3 |  3.0
Stealth        | 1 2 3 |  3.0
Unarmed Combat | 1 2 3 |  3.0
Spellcasting   | 1 2 3 |  3.0
Evocations     | 1 2 3 |  3.0
Conjurations   | 1 2 |  2.4
Hexes          | 1 2 |  2.4
Charms         | 1 2 |  2.4
Summonings     | 1 2 |  2.4
Necromancy     | 1 2 |  2.4
Translocations | 1 2 |  2.4
Transmutations | 1 2 |  2.4
Fire Magic     | 1 2 |  2.4
Ice Magic      | 1 2 |  2.4
Air Magic      | 1 2 |  2.4
Earth Magic    | 1 2 |  2.4
Poison Magic   | 1 2 |  2.4
Long Blades    | 3 4 |  4.0
Throwing       | 3 4 |  4.0
Shields        | 3 4 |  4.0
Dodging        | 7 |  7.2
Fighting       | 9 |  9.1

Action                   |  1- 3 |  4- 6 |  7- 9 || total
-------------------------+-------+-------+-------++-------
Melee: Falchion          |    76 |   211 |    23 ||   310
       Bite              |     9 |    37 |    25 ||    71
       Long sword        |       |       |   118 ||   118
       Unarmed           |       |       |     6 ||     6
       Punch             |       |       |     3 ||     3
 Fire: Blowgun           |       |     2 |     7 ||     9
Throw: Throwing net      |       |       |     3 ||     3
  Use: Scroll            |     2 |     1 |     3 ||     6
       Potion            |       |     4 |     5 ||     9
 Stab: Sleeping          |     1 |     2 |       ||     3
       Distracted        |       |     1 |       ||     1
  Eat: Chunk             |     1 |     8 |     2 ||    11
       Ration            |       |       |     1 ||     1
Armor: Leather armour    |     3 |       |       ||     3
       Ring mail         |    17 |    43 |     9 ||    69
       Skin              |       |    28 |    16 ||    44
       Scale mail        |       |       |    32 ||    32
Dodge: Dodged            |    62 |   171 |    99 ||   332
       Rpst.: Falchion   |    17 |    62 |     2 ||    81
       Long sword        |       |       |    31 ||    31
